 Dungeon Crawl Stone Soup version 0.30-a0-305-g026cb31310 (webtiles) character file.

Game seed: 9960054913883012855

769 Sweetruy1997 the Chopper (level 7, 0/49 HPs)
             Began as a Demonspawn Chaos Knight on Oct 22, 2022.
             Was a Plaything of Xom.
             Slain by an unseen horror (2 damage)
             ... on level 5 of the Dungeon.
             The game lasted 00:11:44 (5274 turns).

Sweetruy1997 the Chopper (Demonspawn Chaos Knight)  Turns: 5274, Time: 00:11:44

Health: 0/49       AC: 17    Str: 12    XL:     7   Next: 52%
Magic:  10/10      EV: 11    Int: 13    God:    Xom [.*....]
Gold:   326        SH:  0    Dex: 15    Spells: 6/10 levels left

rFire   . . .      SeeInvis .    e - +1 hand axe (protect)
rCold   . . .      Faith    .    (no shield)
rNeg    . . .      Spirit   .    b - +2 leather armour
rPois   .          Reflect  .    (helmet restricted)
rElec   .          Harm     .    (no cloak)
rCorr   .          Rampage  .    (no gloves)
Will    +....                    (no boots)
Stlth   ++........               (no amulet)
HPRegen 0.28/turn                (no ring)
MPRegen 0.12/turn                (no ring)

@: sanguine armoured
A: sanguine armour 3, weakness stinger 2, horns 1, frail 1, strong-willed 1,
wild magic 2, MP-powered wands
a: Renounce Religion


You were on level 5 of the Dungeon.
You worshipped Xom.
You were a plaything of Xom.
You visited 2 branches of the dungeon, and saw 6 of its levels.

You collected 326 gold pieces.

Inventory:

Hand Weapons
 e - a +1 hand axe of protection (weapon)
Missiles
 l - 3 javelins
 r - a boomerang of dispersal
Armour
 b - a +2 leather armour (worn)
Scrolls
 f - 4 scrolls of teleportation
 g - a scroll of silence {unknown}
 i - 3 scrolls of magic mapping
 j - a scroll of immolation {unknown}
 k - a scroll of fog
 o - a scroll of enchant armour {unknown}
 q - a scroll of fear {unknown}
Potions
 a - a potion of cancellation {unknown}
 d - 4 potions of curing {unknown}
 h - a potion of haste {unknown}
 m - 2 potions of brilliance
 n - 2 potions of flight {unknown}
 p - a potion of ambrosia {unknown}
Miscellaneous
 c - a piece from Xom's chessboard (10/15)


   Skills:
 + Level 4.5 Fighting
 + Level 6.1 Axes
 + Level 0.1 Throwing
 - Level 2.0 Armour
 - Level 1.0 Dodging
 + Level 2.2 Stealth
 - Level 2.0 Spellcasting
 - Level 2.0 Conjurations
 + Level 1.1 Evocations


You had 6 spell levels left.
You knew the following spells:

 Your Spells              Type           Power      Damage    Failure   Level
a - Magic Dart            Conj           40%        1d5       28%         1
b - Searing Ray           Conj           20%        2d5       38%         2
c - Foxfire               Conj/Fire      24%        2x1d5     38%         1

Your spell library contained the following spells:

 Spells                   Type           Power      Damage    Failure   Level
 Fulminant Prism          Conj/Hex       3%         3d6       97%         4
 Fireball                 Conj/Fire      3%         3d4       100%        5
 Starburst                Conj/Fire      3%         6d3       100%        6


Dungeon Overview and Level Annotations

Branches:
Dungeon (5/15)             Temple (1/1) D:4

Altars:
Ashenzari
Cheibriados
Dithmenos
Fedhas
Gozag
Hepliaklqana
Kikubaaqudgha
Makhleb
Nemelex Xobeh
Qazlal
Sif Muna
Trog
Uskayaw
Vehumet
Wu Jian
Xom
Yredelemnul


Innate Abilities, Weirdness & Mutations

When seriously injured, your blood forms very thick armour. (AC +12)
You have a tail ending in a sharp stinger.
You have a pair of small horns on your head.
You are frail. (-10% HP)
You are strong-willed. (Will+)
Your spells are harder to cast, but more powerful.
You expend magic power (3 MP) to strengthen your wands.


Message History

Something hits you but does no damage. x2
Something hits you but does no damage. Something hits you!
You hit something but do no damage.
Your tail-slap misses something.
Something hits you. Something hits you but does no damage.
You hit something but do no damage. Something hits you but does no damage.
Something barely misses you.
You slash something! Your headbutt misses something.
Something completely misses you. Something hits you.
A black bear comes into view.
You barely miss something.
The black bear growls angrily.
You headbutt something. You tail-slap something.
Something hits you but does no damage. x2
You slash something!
Something hits you but does no damage. x2
Something hits you.
* * * LOW HITPOINT WARNING * * *
A quokka comes into view.
Something hits you.
* * * LOW HITPOINT WARNING * * *
Something completely misses you.
Things that are here:
a +2 dagger of venom; 4 stones; a +0 leather armour Something hits you but does no damage.
You hit something.
Your tail-slap misses something.
Xom briefly touches your surroundings.
Something hits you but does no damage. x2
You closely miss something.
Something hits you but does no damage. x2
You barely miss something.
Your tail-slap misses something.
Something hits you but does no damage.
You closely miss something.
Your tail-slap misses something. "You have displeased me, mortal."
Your body is wracked with pain!
* * * LOW HITPOINT WARNING * * *
Something completely misses you. Something hits you but does no damage.
You closely miss something. Something hits you!
* * * LOW HITPOINT WARNING * * *
Something hits you but does no damage.
You barely miss something. Your headbutt misses something. Something hits you.
You die...
Xom howls with laughter!

#.## #..## #... #..#
#..# #######..### #
'.......)..##### #
...#######......... #
...._rh)@...#.##### #
...########.#.# #
#)#.# # #.#.#
########
######.#.###########
......>.
.....................
######..
...............†....#
######.#
####.####.###########
....##.# ..........#


You could see a black bear and a quokka.

Vanquished Creatures
  A black bear (D:5)
  A boggart (D:3)
  5 scorpions (D:5)
  3 hounds (D:5)
  An orc wizard (D:3)
  6 adders
  3 ufetubi
  4 worms
  3 dart slugs
  12 orcs
  4 endoplasms
  5 giant cockroaches
  5 goblins
  6 hobgoblins
  8 jackals (D:2)
  2 quokkas
  10 ball pythons
  7 bats
  4 frilled lizards
  5 kobolds
  8 rats
103 creatures vanquished.

Notes
Turn   | Place    | Note
-------+----------+-------------------------------------------
     0 | D:1      | Sweetruy1997 the Demonspawn Chaos Knight began the quest
                  | for the Orb.
     0 | D:1      | Reached XP level 1. HP: 18/18 MP: 1/1
    44 | D:1      | XOM: silly message
   173 | D:1      | Reached skill level 3 in Axes
   180 | D:1      | Gained mutation: You have a small tail. [demonic ancestry]
   180 | D:1      | Reached XP level 2. HP: 24/24 MP: 2/2
   254 | D:1      | Learned a level 1 spell: Magic Dart
   346 | D:1      | XOM: 1-stop teleportation journey
   436 | D:1      | XOM: divination: magic mapping
   550 | D:1      | Reached skill level 1 in Dodging
   757 | D:2      | Gained mutation: When seriously injured, your blood forms
                  | armour. (AC +12) [demonic ancestry]
   757 | D:2      | Reached XP level 3. HP: 21/29 MP: 3/3
  1004 | D:2      | XOM: enchant monster (bad)
  1005 | D:2      | Gained mutation: When seriously injured, your blood forms
                  | thick armour. (AC +12) [demonic ancestry]
  1005 | D:2      | Reached XP level 4. HP: 33/36 MP: 4/4
  1400 | D:2      | Reached skill level 1 in Stealth
  1745 | D:3      | a worm changed into a boggart
  1745 | D:3      | Noticed a boggart
  1745 | D:3      | XOM: polymorph worm -> boggart
  1774 | D:3      | Killed a boggart
  1775 | D:3      | Reached skill level 4 in Axes
  1775 | D:3      | Reached XP level 5. HP: 27/42 MP: 5/5
  1938 | D:3      | XOM: silly message
  2312 | D:3      | Learned a level 2 spell: Searing Ray
  2334 | D:3      | XOM: god gift: 21 gold pieces
  2364 | D:3      | Learned a level 1 spell: Foxfire
  2777 | D:4      | Found a staircase to the Ecumenical Temple.
  2785 | D:4      | Reached skill level 1 in Evocations
  2898 | Temple   | Entered the Ecumenical Temple
  3105 | D:4      | XOM: divination: detect creatures
  3356 | D:4      | XOM: give mutations
  3356 | D:4      | Gained mutation: You have a pair of small horns on your
                  | head. [Xom's grace]
  3356 | D:4      | Gained mutation: Your spells are a little harder to cast,
                  | but a little more powerful. [Xom's grace]
  3356 | D:4      | Gained mutation: You expend magic power (3 MP) to
                  | strengthen your wands. [Xom's grace]
  3435 | D:4      | XOM: 2-stop teleportation journey
  3618 | D:4      | XOM: summons 3 hostile demons
  4227 | D:5      | XOM: noise
  4227 | D:5      | Entered Level 5 of the Dungeon
  4238 | D:5      | Gained mutation: You have a tail ending in a sharp stinger.
                  | [demonic ancestry]
  4238 | D:5      | Reached XP level 6. HP: 45/48 MP: 4/7
  4259 | D:5      | Reached skill level 1 in Conjurations
  4388 | D:5      | XOM: enchant monster (good)
  4406 | D:5      | Reached skill level 5 in Axes
  4406 | D:5      | Reached skill level 1 in Spellcasting
  4691 | D:5      | Gained mutation: When seriously injured, your blood forms
                  | very thick armour. (AC +12) [demonic ancestry]
  4691 | D:5      | Reached XP level 7. HP: 35/55 MP: 7/9
  4806 | D:5      | XOM: cast spell 'Death Channel'
  4825 | D:5      | XOM: give mutations
  4825 | D:5      | Gained mutation: You are strong-willed. (Will+) [Xom's
                  | grace]
  4825 | D:5      | Gained mutation: Your spells are harder to cast, but more
                  | powerful. [Xom's grace]
  4950 | D:5      | XOM: give mutation
  4950 | D:5      | Gained mutation: You are frail. (-10% HP) [Xom's mischief]
  5132 | D:5      | Reached skill level 6 in Axes
  5269 | D:5      | XOM: scenery: create altars
  5272 | D:5      | XOM: torment (8/49 hp)
  5273 | D:5      | HP: 1/49 [something (7)]
  5274 | D:5      | Slain by an unseen horror

Illustrated notes

Levels and vault maps discovered:
D:1:      spicycebolla_arrival_ecumenical, layout_basic, serial_corexii_hall,
          corexii_hall_statues_t, chequers_hall_statues_wall_a,
          hangedman_feature_mirror
D:2:      layout_loops_ring, st_stairs_1, minmay_small_reverse_x
D:3:      layout_loops_ring
D:4:      layout_loops_corners, minmay_temple_entry_glass, serial_rivers,
          chequers_serial_rivers_micro_e, chequers_serial_rivers_micro_b,
          chequers_serial_rivers_marsh, chequers_serial_rivers_marsh,
          chequers_serial_rivers_micro_e, roderic_roman_lattice
D:5:      layout_basic, grunt_ministairs_15
Temple:   nicolae_temple_bog_church

Skill      XL: |  1  2  3  4  5  6  7 |
---------------+----------------------+-----
Axes           | 3 4 5 6 |  6.1
Dodging        | 1 |  1.0
Armour         | 2 |  2.0
Stealth        | 1 2 |  2.2
Fighting       | 4 |  4.5
Evocations     | 1 |  1.1
Conjurations   | 1 2 |  2.0
Spellcasting   | 1 2 |  2.0
Throwing       | |  0.1

Action                   |  1- 3 |  4- 6 |  7- 9 || total
-------------------------+-------+-------+-------++-------
Melee: Hand axe          |    88 |   211 |    57 ||   356
       Tailslap          |     5 |    21 |    12 ||    38
       Headbutt          |       |    20 |    12 ||    32
Throw: Javelin           |       |     9 |       ||     9
 Cast: Magic Dart        |     3 |    53 |     5 ||    61
Evoke: Piece from Xom's  |     7 |    15 |       ||    22
  Use: Scroll            |       |    10 |       ||    10
 Stab: Sleeping          |     2 |     1 |       ||     3
       Petrifying        |       |     1 |       ||     1
       Confused          |       |     1 |       ||     1
Armor: Leather armour    |    30 |    91 |    38 ||   159
Dodge: Dodged            |    59 |   160 |    28 ||   247

Table legend: (Time is in decaauts)
 A = Elapsed time spent in this place.
 B = Non-inter-level travel time spent in this place.
 C = Inter-level travel time spent in this place.
 D = Time resting spent in this place.
 E = Time spent auto-exploring this place.
 F = Levels seen in this place.
 G = Mean time per level.
                   A        B        C        D        E       F      G
               +--------+--------+--------+--------+--------+-----+--------+
         Total |   5321 |   5198 |    123 |      4 |   4258 |   6 |  886.8 |
       Dungeon |   5143 |   5034 |    109 |      4 |   4113 |   5 | 1028.6 |
        Temple |    178 |    164 |     14 |      0 |    144 |   1 |  178.0 |
               +--------+--------+--------+--------+--------+-----+--------+

Top non-repeatable levels by time:
     D:4: 1323 daAuts
     D:3: 1171 daAuts
     D:5: 1050 daAuts
     D:2: 923 daAuts
     D:1: 673 daAuts
  Temple: 178 daAuts
